 Dungeon Crawl Stone Soup version 0.31.0-11-ge490571c62 (webtiles) character file.

Game seed: 4441940276723097317

3235 qw the Nimble (level 9, -8/45 HPs)
             Began as a Spriggan Hunter on Feb 3, 2024.
             Was a Believer of Okawaru.
             Killed by divine providence
             ... invoked by Jeremiah
              (10 damage)
             ... on level 7 of the Dungeon.
             The game lasted 00:00:34 (5584 turns).

qw the Nimble (Spriggan Hunter)                     Turns: 5584, Time: 00:00:35

Health: -8/45      AC:  3    Str:  7    XL:     9   Next: 66%
Magic:  12/13      EV: 38    Int: 10    God:    Okawaru [**....]
Gold:   269        SH:  0    Dex: 23    Spells: 8/8 levels left

rFire   . . .        k - +0 orcbow
rCold   . . .        (shield currently unavailable)
rNeg    . . .        c - +1 robe
rPois   .            (helmet restricted)
rElec   .            (no cloak)
rCorr   .            (gloves unavailable)
SInv    +            (boots unavailable)
Will    +....        (no amulet)
Stlth   ++++         e - +5 ring of evasion
HPRegen 0.27/turn    (no ring)
MPRegen 0.13/turn

%: no passive effects
@: heroic, very quick
A: very small, no large weapons, unfitting armour, see invisible, speed 3
a: Renounce Religion, Heroism


You were on level 7 of the Dungeon.
You worshipped Okawaru.
Okawaru was pleased with you.
You visited 2 branches of the dungeon, and saw 8 of its levels.

You collected 323 gold pieces.
You spent 54 gold pieces at shops.


Innate Abilities, Weirdness & Mutations

You are very small and have problems with some larger weapons.
You are too small for most types of armour.
You have supernaturally acute eyesight. (SInv)
You cover ground extremely quickly. (Speed+++)


   Skills:
 - Level 4.0(9.0) Fighting
 - Level 10.1(15.1) Ranged Weapons
 + Level 10.6(15.6) Dodging
 - Level 1.5(6.5) Stealth
 - Level 4.1 Invocations


You had 8 spell levels left.
You didn't know any spells.
Your spell library was empty.

Inventory:

Hand Weapons
 d - the +6 shortbow of the Madman {flame, rF+}
   (You acquired it on level 1 of the Dungeon)

   rF+:       It protects you from fire.
 k - a +0 orcbow (weapon)
Armour
 c - a +1 robe (worn)
Jewellery
 e - a +5 ring of evasion (left hand)
Potions
 a - a potion of curing
 g - a potion of berserk rage {unknown}
 h - 2 potions of heal wounds {unknown}
 i - a potion of resistance {unknown}
 j - a potion of mutation {unknown}

Dungeon Overview and Level Annotations

Branches:
Dungeon (7/15)             Temple (1/1) D:5

Altars:
Ashenzari
Cheibriados
Dithmenos
Elyvilon
Fedhas
Gozag
Hepliaklqana
Kikubaaqudgha
Makhleb
Nemelex Xobeh
Okawaru
Qazlal
Ru
Sif Muna
Trog
Uskayaw
Vehumet
Wu Jian
Xom
Yredelemnul
Zin
The Shining One

Shops:
D:3 *

Annotations:
D:4 1 transporter
D:7 Jeremiah


Message History

The butterfly disappears in a burst of colours!
5558 ||| FLEEEEING.
5559 ||| FLEEEEING.
You shoot an arrow. The arrow barely misses the butterfly.
5560 ||| FLEEEEING.
5561 ||| FLEEEEING.
You start resting.
The butterfly disappears in a burst of colours! x6
You feel like a meek peon again.
The butterfly disappears in a burst of colours!
Jeremiah is nearby!
5571 ||| INVOKING Heroism.
You gain the combat prowess of a mighty hero.
You shoot an arrow. The arrow closely misses Jeremiah.
Jeremiah completely misses you. Jeremiah completely misses you.
Jeremiah barely misses you. Jeremiah completely misses you.
Jeremiah completely misses you.
Jeremiah pinches themself.
Jeremiah completely misses you.
The butterfly disappears in a burst of colours!
Jeremiah completely misses you.
Jeremiah lets out a twisted cry.
Something smites you! Jeremiah misses you.
The butterfly disappears in a burst of colours!
Jeremiah throws their arms up pleadingly.
Something smites you! Jeremiah completely misses you.
Enter note:
Enter note: You shoot an arrow.
The arrow hits the butterfly.
You kill the butterfly!
The butterfly disappears in a burst of colours!
Jeremiah closely misses you.
The butterfly disappears in a burst of colours! x2
Jeremiah lets out a twisted cry.
Something smites you!
You die...
Jeremiah asks, "Is it over?
Can I wake up now?"

#.....##... #.####
#....b#8...8##...%
###..##..~.. #.###
#.b# ##... #.##
#.#. #### ..# ##.#
.....###.## #.#
#b.bb.# #.# #.
#@b# .##
#####.##b## .#.


.Fbbb..Fb# .##. #######b## .#.. #bb# ##.# ##b## #..# ###..# ##.## #...## #..#
#.#.# ##.## You could see Jeremiah.

Vanquished Creatures
  Grinder (D:6)
  Sigmund (D:5)
  A water moccasin (D:6)
  A sky beast (D:6)
  2 orc warriors (D:7)
  An ice beast (D:4)
  3 black bears
  An ogre (D:6)
  3 centaurs (D:6)
  2 phantoms
  2 bullfrogs (D:6)
  A gnoll sergeant (D:7)
  2 scorpions
  4 killer bees (D:6)
  4 howler monkeys
  2 bombardier beetles
  6 orc priests
  2 gnoll boudas
  A hound (D:5)
  A sleepcap (D:4)
  6 iguanas
  6 orc wizards
  5 adders
  20 gnolls
  A white imp (D:7)
  3 ribbon worms (D:2)
  21 orcs
  11 ball pythons
  3 endoplasms
  6 giant cockroaches
  8 goblins
  7 hobgoblins
  11 kobolds
  3 quokkas
  4 bats
  4 frilled lizards
  8 rats
168 creatures vanquished.

Notes
Turn   | Place    | Note
-------+----------+-------------------------------------------
     0 | D:1      | qw the Spriggan Hunter began the quest for the Orb.
     0 | D:1      | Reached XP level 1. HP: 10/10 MP: 2/2
     0 | D:1      | 0 ||| qw: Version: 0.3-a-157-g843a77d
     0 | D:1      | 0 ||| qw: Game counter: 3982
     0 | D:1      | 0 ||| qw: Melee chars always use a shield: true
     0 | D:1      | 0 ||| qw: God list: Okawaru
     0 | D:1      | 0 ||| qw: Allow faded altars: false
     0 | D:1      | 0 ||| qw: Do Orc after clearing Dungeon:15 true
     0 | D:1      | 0 ||| qw: Do second Lair branch before Depths: true
     0 | D:1      | 0 ||| qw: Lair rune preference: random
     0 | D:1      | 0 ||| qw: Goals: Normal
     0 | D:1      | 0 ||| PLANNING D:1-11
    19 | D:1      | Reached skill level 3 in Dodging
   105 | D:1      | Reached XP level 2. HP: 14/14 MP: 3/3
   680 | D:1      | Reached XP level 3. HP: 18/18 MP: 4/4
   823 | D:1      | 823 ||| DROPPING amulet of magic regeneration.
   824 | D:1      | 824 ||| READING scroll labelled COERARCH TUVU.
   925 | D:1      | 925 ||| READING scroll labelled XORIBY ZAAVEMO.
   925 | D:1      | 925 ||| BRANDING +0 shortbow.
   926 | D:1      | 926 ||| READING scroll labelled UHONEFF DOVU.
   926 | D:1      | Identified a scroll of acquirement
   926 | D:1      | 926 ||| ACQUIRING +6 shortbow of the Madman {flame, rF+}
   926 | D:1      | Acquired the +6 shortbow of the Madman {flame, rF+}
   928 | D:1      | 928 ||| SWAPPING to +6 shortbow of the Madman {flame, rF+}.
   929 | D:1      | 929 ||| DROPPING +0 heavy shortbow.
   930 | D:1      | 930 ||| DROPPING scroll of butterflies.
  1282 | D:2      | 1282 ||| UPGRADING to +5 ring of evasion.
  1283 | D:2      | 1283 ||| READING scroll labelled PEJEUXYIHE.
  1318 | D:3      | Reached XP level 4. HP: 22/22 MP: 5/5
  1326 | D:3      | 1326 ||| FLEEEEING.
  1328 | D:3      | 1328 ||| FLEEEEING.
  1329 | D:3      | 1329 ||| FLEEEEING.
  1330 | D:3      | 1330 ||| FLEEEEING.
  1331 | D:3      | 1331 ||| FLEEEEING.
  1332 | D:3      | 1332 ||| FLEEEEING.
  1333 | D:3      | 1333 ||| FLEEEEING.
  1334 | D:3      | 1334 ||| FLEEEEING.
  1356 | D:3      | Found Zemagaxt's Assorted Antiques.
  1368 | D:3      | 1368 ||| SHOPLISTING embroidered cloak (202 gold, have 80).
  1368 | D:3      | 1368 ||| SHOPLISTING glowing ivory wand (108 gold, have
                  | 80).
  1368 | D:3      | 1368 ||| BUYING scroll labelled SEHILLO GUSYB (27 gold).
  1368 | D:3      | Bought a scroll labelled SEHILLO GUSYB for 27 gold pieces
  1368 | D:3      | 1368 ||| BUYING scroll labelled TITTOA CURA (27 gold).
  1368 | D:3      | Bought a scroll labelled TITTOA CURA for 27 gold pieces
  1372 | D:3      | Found a shimmering blue altar of Sif Muna.
  1512 | D:3      | Reached XP level 5. HP: 26/26 MP: 6/6
  1590 | D:3      | Found a snail-covered altar of Cheibriados.
  1592 | D:3      | Found a hazy altar of Hepliaklqana.
  2063 | D:3      | 2063 ||| READING 2 scrolls labelled SEHILLO GUSYB.
  2063 | D:3      | 2063 ||| IDENTIFYING fuming brown potion
  2064 | D:3      | 2064 ||| READING scroll of identify.
  2064 | D:3      | 2064 ||| IDENTIFYING smoky grey potion
  2065 | D:3      | 2065 ||| READING scroll labelled TITTOA CURA.
  2166 | D:3      | 2166 ||| READING scroll labelled FALESHA RYNUMIF.
  2167 | D:3      | 2167 ||| READING scroll labelled PEP SUEDYBO.
  2167 | D:3      | 2167 ||| ENCHANTING +0 robe.
  2168 | D:3      | 2168 ||| READING scroll labelled KIHABL WEDD.
  2169 | D:3      | 2169 ||| DROPPING potion of brilliance.
  2170 | D:3      | 2170 ||| DROPPING potion of lignification.
  2232 | D:4      | Found a transporter.
  2286 | D:4      | Noticed a black bear
  2291 | D:4      | Killed a black bear
  2292 | D:4      | Reached XP level 6. HP: 30/30 MP: 7/7
  2295 | D:4      | Reached skill level 6 in Ranged Weapons
  2303 | D:4      | Reached skill level 6 in Dodging
  2438 | D:4      | Found a transporter.
  2521 | D:4      | Noticed an ice beast
  2523 | D:4      | Killed an ice beast
  2595 | D:4      | Reached XP level 7. HP: 35/35 MP: 8/8
  3089 | D:4      | 3089 ||| READING scroll labelled VUUNOG FAZOYDGH.
  3147 | D:5      | Entered Level 5 of the Dungeon
  3279 | D:5      | Noticed Sigmund
  3284 | D:5      | Killed Sigmund
  3285 | D:5      | Reached XP level 8. HP: 39/39 MP: 9/9
  3312 | D:5      | Found a staircase to the Ecumenical Temple.
  3313 | D:5      | 3313 ||| PLANNING TEMPLE
  3313 | D:5      | Found a burning altar of Makhleb.
  3321 | Temple   | Entered the Ecumenical Temple
  3322 | Temple   | 3322 ||| PLANNING OKAWARU WORSHIP
  3330 | Temple   | Became a worshipper of Warmaster Okawaru
  3331 | Temple   | 3331 ||| PLANNING D:1-11
  3504 | D:5      | You fall into a shaft and drop 2 floors!
  3558 | D:7      | Reached skill level 3 in Fighting
  3633 | D:7      | 3633 ||| FLEEEEING.
  3634 | D:7      | 3634 ||| FLEEEEING.
  3635 | D:7      | 3635 ||| FLEEEEING.
  3636 | D:7      | 3636 ||| FLEEEEING.
  3755 | D:6      | Reached skill level 9 in Ranged Weapons
  3770 | D:6      | Reached * piety under Okawaru
  3771 | D:6      | Reached skill level 9 in Dodging
  3786 | D:6      | Reached skill level 1 in Invocations
  3797 | D:6      | Found a sparkling altar of Nemelex Xobeh.
  3797 | D:6      | Found a shimmering altar of Xom.
  3798 | D:6      | 3798 ||| SWAPPING to +0 orcbow.
  3852 | D:6      | 3852 ||| FLEEEEING.
  3853 | D:6      | 3853 ||| FLEEEEING.
  3947 | D:5      | 3947 ||| INVOKING Heroism.
  3949 | D:5      | Reached XP level 9. HP: 33/44 MP: 8/11
  4310 | D:6      | 4310 ||| RETREEEEATING.
  4311 | D:6      | 4311 ||| RETREEEEATING.
  4312 | D:6      | 4312 ||| RETREEEEATING.
  4313 | D:6      | 4313 ||| RETREEEEATING.
  4314 | D:6      | 4314 ||| RETREEEEATING.
  4315 | D:6      | 4315 ||| RETREEEEATING.
  4316 | D:6      | 4316 ||| RETREEEEATING.
  4320 | D:6      | Reached skill level 3 in Invocations
  4416 | D:6      | Found a hide-covered altar of Uskayaw.
  4595 | D:6      | Found a broken altar of Ashenzari.
  4666 | D:6      | Noticed Grinder
  4686 | D:6      | Killed Grinder
  4686 | D:6      | Reached ** piety under Okawaru
  4892 | D:6      | 4892 ||| READING 2 scrolls of identify.
  4892 | D:6      | 4892 ||| IDENTIFYING dark potion
  4893 | D:6      | 4893 ||| READING scroll of identify.
  4893 | D:6      | 4893 ||| IDENTIFYING metallic brown potion
  4894 | D:6      | 4894 ||| DRINKING 2 emerald potions.
  4895 | D:6      | 4895 ||| DROPPING potion of invisibility.
  4896 | D:6      | 4896 ||| DROPPING potion of ambrosia.
  4960 | D:7      | HP: 10/44 [orc priest/nerve-wracking pain (11)]
  4964 | D:7      | 4964 ||| FLEEEEING.
  4965 | D:7      | 4965 ||| FLEEEEING.
  5093 | D:7      | 5093 ||| RETREEEEATING.
  5094 | D:7      | 5094 ||| RETREEEEATING.
  5537 | D:7      | Noticed Jeremiah
  5538 | D:7      | 5538 ||| INVOKING Heroism.
  5551 | D:7      | HP: 11/45 [Jeremiah/divine providence (16)]
  5557 | D:7      | 5557 ||| FLEEEEING.
  5558 | D:7      | 5558 ||| FLEEEEING.
  5559 | D:7      | 5559 ||| FLEEEEING.
  5560 | D:7      | 5560 ||| FLEEEEING.
  5561 | D:7      | 5561 ||| FLEEEEING.
  5571 | D:7      | 5571 ||| INVOKING Heroism.
  5579 | D:7      | HP: 11/45 [Jeremiah/divine providence (7)]
  5581 | D:7      | HP: 1/45 [Jeremiah/divine providence (10)]
  5584 | D:7      | Killed from afar by Jeremiah

Levels and vault maps discovered:
D:1:      dpeg_arrival_water_temple_mockup, layout_basic,
          chequers_serial_rivers_micro_b, minmay_misc_feat_x
D:2:      layout_rooms
D:3:      layout_basic, general_overflow_altar,
          mainiacjoe_overflow_catwalk_spiral, serial_shops, shop, serial_rivers,
          chequers_serial_rivers_micro_b, chequers_serial_rivers_room_a,
          chequers_serial_rivers_small_3, chequers_serial_rivers_room_b,
          chequers_serial_rivers_micro_c, chequers_serial_rivers_micro_c
D:4:      gammafunk_steamed_eel, layout_basic, kennysheep_diamond,
          hex_intersection
D:5:      layout_rooms, mainiacjoe_overflow_tiny_flanked,
          minmay_temple_entry_metal_lava, uniq_sigmund
D:6:      layout_gridville, nicolae_uskayaw_murder_on_the_dancefloor,
          nicolae_ashenzari_panopticon, jmf_multi_god_temple, bh_walls_and_bars,
          uniq_grinder
D:7:      minmay_the_grid_triangle_9x9_rhombus_thin
          [minmay_the_grid_triangle_9x9_tough_junction,
          minmay_the_grid_triangle_9x9_prize_schism,
          minmay_the_grid_triangle_9x9_flanged_cone,
          minmay_the_grid_triangle_9x9_shrine], layout_basic,
          corexii_leaking_fountain, guppyfry_early_elven_hall, uniq_jeremiah
Temple:   nicolae_temple_ecumenical_triangle

Skill      XL: |  1  2  3  4  5  6  7  8  9 |
---------------+----------------------------+-----
Dodging        | 3 4 5 6 8 9 10 | 10.6
Ranged Weapons | 5 7 8 9 10 | 10.1
Fighting       | 2 3 4 |  4.0
Invocations    | 2 4 |  4.1
Stealth        | |  1.5

Action                     |  1- 3 |  4- 6 |  7- 9 || total
---------------------------+-------+-------+-------++-------
   Fire: Shortbow          |    95 |    88 |   120 ||   303
         Orcbow            |       |       |   210 ||   210
 Invoke: Heroism           |       |       |     3 ||     3
    Use: Scroll            |     4 |     6 |     3 ||    13
         Potion            |       |       |     1 ||     1
 Armour: Robe              |     2 |     3 |    25 ||    30
  Dodge: Dodged            |    28 |    18 |   230 ||   276

Table legend:
 A = Non-vault XP
 B = Vault XP
 C = Vault XP percentage of total XP
 D = Non-vault monster count
 E = Vault monster count
 F = Vault count percentage of total count
                 A         B        C        D         E       F
            +---------+---------+-------+---------+---------+-------
      Total |    3858 |     764 |  16.5 |     160 |       8 |   4.8
            +---------+---------+-------+---------+---------+-------
        D:1 |      41 |       0 |   0.0 |      27 |       0 |   0.0
        D:2 |      53 |       0 |   0.0 |      20 |       0 |   0.0
        D:3 |     157 |       0 |   0.0 |      19 |       0 |   0.0
        D:4 |     710 |       2 |   0.3 |      33 |       1 |   2.9
        D:5 |     497 |     243 |  32.8 |      13 |       1 |   7.1
        D:6 |    1759 |     370 |  17.4 |      26 |       3 |  10.3
        D:7 |     641 |     149 |  18.9 |      22 |       3 |  12.0
            +---------+---------+-------+---------+---------+-------
